[Event "Titled Tuesday Blitz October 11 Early 2022"]
[White "Costachi, Mihnea"]
[Black "Moreno Perez, Tobias Sebastian"]
[WhiteFideId "1217518"]
[BlackFideId "186716"]
[WhiteElo "2437"]
[BlackElo "2491"]
[Result "1-0"]
[Round "04"]
[TimeControl "180+1"]
[Date "2022.10.12"]
[WhiteClock "0:01:43"]
[BlackClock "0:00:02"]

1. e4 c6 2. Nc3 d5 3. Nf3 dxe4 4. Nxe4 Nf6 5. Qe2 Nxe4 6. Qxe4 Nd7 7. d4 Nf6 8. Qd3 g6 9. Be2 Bg7 10. O-O O-O 11. Bf4 Bf5 12. Qb3 Qb6 13. c3 Qxb3 14. axb3 a6 15. b4 Nd5 16. Be5 Rfe8 17. Rfe1 Bg4 18. Bxg7 Bxf3 19. Bxf3 Kxg7 20. Bxd5 cxd5 21. Ra5 e6 22. Rea1 Rac8 23. b5 axb5 24. Rxb5 Rc7 25. Ra7 Ree7 26. Rb6 Red7 27. Kf1 Kf8 28. Ra8+ Ke7 29. Rb8 h5 30. Ke2 Kf6 31. Ke3 Kf5 32. Kd3 f6 33. h4 Kg4 34. Rxe6 Kxh4 35. Rxf6 Kg5 36. Rb6 Rf7 37. f3 Rcd7 38. Rg8 Rf6 39. Rxf6 Kxf6 40. Re8 Kg5 41. Ke3 Kh4 42. Re5 Kg3 43. Rg5+ Kh4 44. Rxg6 1-0


[Site "https://www.chess.com"]

[Event "Titled Tuesday Blitz October 11 Early 2022"]
[White "Czernek, Tymon"]
[Black "Karabalis, Harilos"]
[WhiteFideId "1199510"]
[BlackFideId "4621808"]
[WhiteElo "2240"]
[BlackElo "2168"]
[Result "1-0"]
[Round "04"]
[TimeControl "180+1"]
[Date "2022.10.12"]
[WhiteClock "0:01:58"]
[BlackClock "0:01:06"]

1. e4 e6 2. d4 d5 3. Nc3 Nf6 4. e5 Nfd7 5. f4 c5 6. Nf3 Nc6 7. Be3 Qb6 8. Qd2 Qxb2 9. Rb1 Qa3 10. Nb5 Qxa2 11. Rd1 cxd4 12. Nfxd4 Kd8 13. Be2 a6 14. Nxc6+ bxc6 15. Nd4 c5 16. Nb3 c4 17. Ra1 Qb2 18. Bd4 Bb4 19. Qxb4 Qxc2 20. Na5 Qe4 21. Nc6+ Kc7 22. Qd6+ Kb7 23. Na5# 1-0


[Site "https://www.chess.com"]

[Event "Titled Tuesday Blitz October 11 Early 2022"]
[White "Dardha, Daniel"]
[Black "Orlov, Georgi"]
[WhiteFideId "240990"]
[BlackFideId "2011271"]
[WhiteElo "2528"]
[BlackElo "2578"]
[Result "1-0"]
[Round "04"]
[TimeControl "180+1"]
[Date "2022.10.12"]
[WhiteClock "0:00:07"]
[BlackClock "0:00:01"]

1. e4 b6 2. d4 Bb7 3. Bd3 Nf6 4. Nd2 e6 5. Ngf3 c5 6. c3 d5 7. e5 Nfd7 8. a3 Ba6 9. Bxa6 Nxa6 10. O-O Be7 11. Re1 Qc7 12. Nf1 Rc8 13. Bg5 Bxg5 14. Nxg5 h6 15. Qh5 O-O 16. Nf3 cxd4 17. Nxd4 Nac5 18. Re3 Na4 19. Rb1 Kh7 20. Nd2 Rce8 21. f4 g6 22. Qh4 Kg7 23. Rh3 Rh8 24. Rg3 Nac5 25. Rf1 Ne4 26. Nxe4 dxe4 27. f5 Qxe5 28. fxe6 fxe6 29. Qg4 g5 30. Re3 Nf6 31. Qe2 Qd5 32. h3 Rhf8 33. Rd1 Qe5 34. Qa6 Nd5 35. Re2 Qg3 36. Qb7+ Rf7 37. Nxe6+ Rxe6 38. Qxd5 Ref6 39. Qxe4 Rf2 40. Qd4+ R2f6 41. Rf1 Kg6 42. Qe4+ Kg7 43. Qd4 Kg6 44. Rxf6+ Rxf6 45. Re8 1-0


[Site "https://www.chess.com"]

[Event "Titled Tuesday Blitz October 11 Early 2022"]
[White "Demin, Vladimir"]
[Black "Leiva, Gianmarco"]
[WhiteFideId "4167457"]
[BlackFideId "3804399"]
[WhiteElo "2569"]
[BlackElo "2285"]
[Result "0-1"]
[Round "04"]
[TimeControl "180+1"]
[Date "2022.10.12"]
[WhiteClock "0:00:29"]
[BlackClock "0:00:37"]

1. d4 Nf6 2. Nc3 d5 3. Bf4 c5 4. e4 Nxe4 5. Nxe4 dxe4 6. dxc5 Qa5+ 7. c3 Qxc5 8. Qa4+ Nc6 9. Qxe4 Bf5 10. Qa4 e5 11. Be3 Qa5 12. Qxa5 Nxa5 13. Bb5+ Kd8 14. O-O-O+ Kc7 15. f4 a6 16. Be2 e4 17. b4 Nc6 18. g4 Be6 19. Kb2 f5 20. Nh3 Be7 21. Nf2 g6 22. a4 Bf6 23. Kc2 Rac8 24. a5 Kb8 25. Bc5 Rhd8 26. g5 Be7 27. Rxd8 Rxd8 28. Bxe7 Nxe7 29. c4 Nc6 30. Kc3 Nd4 31. Re1 Bf7 32. c5 Kc7 33. Bd1 Nb5+ 34. Kb2 Rd2+ 0-1


[Site "https://www.chess.com"]

[Event "Titled Tuesday Blitz October 11 Early 2022"]
[White "Devaev, Alexander"]
[Black "Rosh Jain"]
[WhiteFideId "4169395"]
[BlackFideId "25789465"]
[WhiteElo "2225"]
[BlackElo "2233"]
[Result "0-1"]
[Round "04"]
[TimeControl "180+1"]
[Date "2022.10.12"]
[WhiteClock "0:02:24"]
[BlackClock "0:02:19"]

1. d4 d5 2. Nf3 e6 3. c4 Nf6 4. Nc3 Be7 5. Bg5 h6 6. e3 hxg5 7. Nxg5 O-O 8. Nf3 b6 9. Bd3 Bb7 10. cxd5 Nxd5 11. Ne5 Nd7 12. Qh5 N5f6 13. Qh4 Nxe5 14. dxe5 Ne4 15. Qf4 Qxd3 0-1


[Site "https://www.chess.com"]

[Event "Titled Tuesday Blitz October 11 Early 2022"]
[White "Di Nicolantonio, Lucas"]
[Black "Weetik, Vjacheslav"]
[WhiteFideId "680460"]
[BlackFideId "4153472"]
[WhiteElo "2381"]
[BlackElo "2469"]
[Result "1-0"]
[Round "04"]
[TimeControl "180+1"]
[Date "2022.10.12"]
[WhiteClock "0:00:16"]
[BlackClock "0:00:03"]

1. Nf3 Nf6 2. c4 g6 3. Nc3 Bg7 4. g3 c6 5. Bg2 d5 6. cxd5 cxd5 7. d4 O-O 8. O-O e6 9. b3 Nc6 10. Ba3 Re8 11. Rc1 Qa5 12. Bb2 Ne4 13. Nxe4 dxe4 14. Nd2 f5 15. Nc4 Qd8 16. e3 Nb4 17. Ba3 a5 18. f3 exf3 19. Qxf3 Nxa2 20. Ra1 Nc3 21. Nd6 Rf8 22. Nxc8 Rxc8 23. Bxf8 Bxf8 24. Qxb7 Bb4 25. d5 exd5 26. g4 Rc7 27. Qb6 fxg4 28. Qe6+ Kg7 29. Qe5+ Kh6 30. Qf4+ Kg7 31. Qxg4 Qe7 32. Kh1 Rc6 33. Qd4+ Kh6 34. Rf3 Ne4 35. Qxd5 Re6 36. Raf1 1-0


[Site "https://www.chess.com"]

[Event "Titled Tuesday Blitz October 11 Early 2022"]
[White "Dilmukhametov, Artur"]
[Black "Fernandez Siles, Luis"]
[WhiteFideId "24179922"]
[BlackFideId "2209420"]
[WhiteElo "2197"]
[BlackElo "2186"]
[Result "0-1"]
[Round "04"]
[TimeControl "180+1"]
[Date "2022.10.12"]
[WhiteClock "0:01:07"]
[BlackClock "0:00:41"]

1. e4 c5 2. c3 Nf6 3. Nf3 Nxe4 4. d4 cxd4 5. cxd4 d5 6. Be2 Nc6 7. O-O Bg4 8. Nc3 e6 9. Nxe4 dxe4 10. Ne5 Bxe2 11. Qxe2 Nxd4 12. Qxe4 Qd5 13. Qxd5 exd5 14. Rd1 Ne6 15. Rxd5 f6 16. Nf3 Rd8 17. Rxd8+ Nxd8 18. Bf4 Bc5 19. Re1+ Kf7 20. Kf1 Ne6 21. Be3 Rc8 22. Bxc5 Rxc5 23. b3 Nf4 24. g3 Nd3 25. Rd1 Rc3 26. Ke2 Nc1+ 27. Kd2 Rxf3 28. Kxc1 Rxf2 29. Rd2 Rxd2 30. Kxd2 Ke6 31. Ke3 Ke5 32. h3 f5 33. a3 g5 34. b4 f4+ 35. gxf4+ gxf4+ 36. Kf3 b5 37. h4 h5 38. Ke2 Ke4 39. Kd2 Kf3 40. Ke1 Kg2 41. Ke2 f3+ 0-1


[Site "https://www.chess.com"]

[Event "Titled Tuesday Blitz October 11 Early 2022"]
[White "Drozdowski, Kacper"]
[Black "Duda, Jan-Krzysztof"]
[WhiteFideId "1136720"]
[BlackFideId "1170546"]
[WhiteElo "2485"]
[BlackElo "2779"]
[Result "1-0"]
[Round "04"]
[TimeControl "180+1"]
[Date "2022.10.11"]
[WhiteClock "0:00:06"]
[BlackClock "0:00:02"]

1. e4 c6 2. d4 d5 3. Nc3 dxe4 4. Nxe4 Nf6 5. Nxf6+ exf6 6. c3 Bd6 7. Bd3 O-O 8. Ne2 Re8 9. Qc2 h5 10. Be3 Nd7 11. Ng3 Bf4 12. O-O Bxe3 13. fxe3 Rxe3 14. Nxh5 Nf8 15. Rae1 Rxe1 16. Rxe1 Bg4 17. Ng3 g6 18. Qf2 Be6 19. Ne4 f5 20. Nc5 Qc7 21. Qh4 b6 22. Re3 Qd8 23. Qxd8 Rxd8 24. Nxe6 fxe6 25. a4 Kf7 26. Kf2 Kf6 27. h4 c5 28. dxc5 bxc5 29. Ke2 e5 30. Bc4 e4 31. b4 Nd7 32. Bb5 Ne5 33. bxc5 Rc8 34. Rh3 Rxc5 35. c4 Nd3 36. g3 f4 37. Kd2 Nf2 38. Rh2 Ng4 39. Re2 e3+ 40. Kd3 f3 41. Rxe3 Nxe3 42. Kxe3 Rf5 43. Kf2 Ke5 44. Bc6 Kd4 45. Bxf3 a5 46. Kg2 Kxc4 47. Bc6 Kc5 48. Be8 Rf6 49. Kh3 Kd6 50. Kg4 Ke7 51. Bb5 Rf5 52. Bc6 Kf6 53. Bd7 Rd5 54. Be8 Rd4+ 55. Kf3 Kf5 56. Bc6 Rd3+ 57. Kf2 Kg4 58. Be8 Rf3+ 59. Ke2 Rxg3 60. Bxg6 Kxh4 61. Be8 Kg5 62. Bd7 Kf4 63. Kd2 Ke4 64. Bb5 Kd4 65. Kc2 Rc3+ 66. Kb2 Rg3 67. Kc2 Kc5 68. Kb2 Kb4 69. Kc2 Rc3+ 70. Kb2 Rc7 71. Be8 Rc8 72. Bb5 Rc7 73. Be8 Rc3 74. Bb5 Rc8 75. Bd7 Rd8 76. Bb5 Rd2+ 77. Kc1 Kc3 78. Kb1 Rc2 79. Be8 Re2 80. Bb5 Rb2+ 81. Kc1 Kb3 82. Be8 Rc2+ 83. Kd1 1-0


[Site "https://www.chess.com"]

[Event "Titled Tuesday Blitz October 11 Early 2022"]
[White "Dushyant Sharma"]
[Black "Gonzalez, Francisco Silva"]
[WhiteFideId "25065130"]
[BlackFideId "1512285"]
[WhiteElo "2270"]
[BlackElo "2159"]
[Result "1-0"]
[Round "04"]
[TimeControl "180+1"]
[Date "2022.10.12"]
[WhiteClock "0:00:16"]
[BlackClock "0:00:47"]

1. e4 e5 2. Nf3 Nc6 3. Nc3 Nf6 4. Bb5 Bb4 5. O-O O-O 6. d3 d6 7. Bg5 Bxc3 8. bxc3 Bd7 9. d4 Re8 10. Re1 h6 11. Bh4 Ne7 12. Bxf6 Bxb5 13. Bh4 f6 14. Rb1 Ba6 15. Bg3 Ng6 16. Nh4 Nxh4 17. Bxh4 g5 18. Bg3 Qe7 19. Qh5 Kg7 20. h4 Qe6 21. Rb3 b6 22. a4 Bc4 23. Rb4 a5 24. d5 Bxd5 25. exd5 Qxd5 26. Rbb1 Qf7 27. Qf3 Qe6 28. Rbd1 Rad8 29. Qc6 Qf7 30. c4 Qd7 31. Qb7 Rb8 32. Qe4 Qxa4 33. h5 Kf8 34. Qg6 Ke7 35. Qg7+ Ke6 36. f4 gxf4 37. Bh4 Rf8 38. c5 Qc6 39. cxd6 cxd6 40. Qg4+ f5 41. Qg6+ Kd7 42. Rxe5 Rbe8 43. Rxe8 Rxe8 44. Qf7+ Kc8 45. Rxd6 Qc5+ 46. Kh2 Qxd6 47. Qxe8+ Kc7 48. Qf7+ Kc6 49. Qxf5 f3+ 50. Bg3 Qd5 51. Qxf3 Qxf3 52. gxf3 Kd5 53. Bh4 Ke6 54. Be1 a4 55. Bb4 Kd5 56. c3 Kc4 57. Kg3 Kb3 58. f4 a3 59. Bxa3 Kxa3 60. f5 Kb3 61. f6 Kxc3 62. f7 b5 63. f8=Q b4 64. Qc5+ Kb3 65. Kf4 Ka4 66. Kf5 b3 67. Kg6 b2 68. Qb6 Ka3 69. Kxh6 b1=N 70. Qxb1 1-0


[Site "https://www.chess.com"]

[Event "Titled Tuesday Blitz October 11 Early 2022"]
[White "Dwilewicz, Katarzyna"]
[Black "Dehtiarov, Roman"]
[WhiteFideId "1148486"]
[BlackFideId "14186640"]
[WhiteElo "2023"]
[BlackElo "2200"]
[Result "0-1"]
[Round "04"]
[TimeControl "180+1"]
[Date "2022.10.12"]
[WhiteClock "0:00:03"]
[BlackClock "0:00:12"]

1. e4 e5 2. Nf3 Nc6 3. Bc4 Nf6 4. d3 Bc5 5. O-O O-O 6. h3 d6 7. c3 Be6 8. Bb3 Bb6 9. Re1 h6 10. Nbd2 Qe7 11. Nf1 Rad8 12. Ng3 Rfe8 13. Be3 d5 14. Bxb6 axb6 15. exd5 Bxd5 16. Qe2 Qd7 17. Rad1 Bxb3 18. axb3 Nd5 19. Qe4 g6 20. b4 b5 21. Qe2 Nf4 22. Qc2 f5 23. Re3 e4 24. Ne1 Kh7 25. d4 Nd5 26. Re2 Re7 27. f3 e3 28. Nd3 f4 29. Ne4 b6 30. Kh2 Kg7 31. Rg1 Rde8 32. g3 fxg3+ 33. Rxg3 Qf5 34. Reg2 Re6 35. Qe2 Kh7 36. Kh1 g5 37. Rg4 Nf6 38. Nxf6+ Rxf6 39. R4g3 Ree6 40. Kg1 Rf7 41. Kh1 Ne7 42. Ne5 Rff6 43. Qxe3 Nd5 44. Qd2 Nf4 45. Rh2 Rd6 46. Qe1 Rfe6 47. Qe4 Qxe4 48. fxe4 Kg7 49. Rf2 Kh7 50. Kg1 c5 51. bxc5 bxc5 52. h4 cxd4 53. cxd4 Rxd4 54. Nf3 Rd1+ 55. Kh2 Rxe4 56. hxg5 Ne2 57. g6+ Kg7 58. Rgg2 Nf4 59. Rg4 h5 60. Rg3 Ne6 61. Ng5 Rh4+ 62. Rh3 Rxh3+ 63. Nxh3 Kxg6 64. Nf4+ Nxf4 65. Rxf4 Rd2+ 66. Kh3 Rxb2 67. Rf8 Rb3+ 68. Kh4 Rb4+ 69. Kh3 Rb3+ 70. Kh4 Rb4+ 71. Kh3 Rc4 72. Rg8+ Kh6 73. Rb8 b4 74. Rb5 Kg6 75. Kg3 Kh6 76. Kh3 Rd4 77. Kg3 Kg6 78. Kh3 h4 79. Rb6+ Kf5 80. Rb5+ Ke6 81. Rb6+ Kd5 82. Rb8 Kc4 83. Rc8+ Kb3 84. Rb8 Kc3 85. Rc8+ Kb2 0-1


[Site "https://www.chess.com"]

[Event "Titled Tuesday Blitz October 11 Early 2022"]
[White "Ernst, Sipke"]
[Black "Migot, Tangi"]
[WhiteFideId "1004689"]
[BlackFideId "662445"]
[WhiteElo "2438"]
[BlackElo "2470"]
[Result "1-0"]
[Round "04"]
[TimeControl "180+1"]
[Date "2022.10.12"]
[WhiteClock "0:00:27"]
[BlackClock "0:00:13"]

1. d4 Nf6 2. c4 g6 3. Nc3 d5 4. cxd5 Nxd5 5. e4 Nxc3 6. bxc3 Bg7 7. Nf3 c5 8. Be3 Qa5 9. Qd2 cxd4 10. cxd4 Qxd2+ 11. Kxd2 O-O 12. Rc1 Nc6 13. d5 Rd8 14. Ke1 Ne5 15. Nxe5 Bxe5 16. Bc4 e6 17. f4 exd5 18. Bxd5 Bd6 19. Kf2 Be6 20. Rhd1 Bxd5 21. Rxd5 b6 22. Kf3 Kf8 23. g4 Ke8 24. a4 Rd7 25. Rc6 Rad8 26. a5 Bc5 27. Bxc5 Rxd5 28. exd5 bxc5 29. Rxc5 Kd7 30. Rc6 Rb8 31. Ra6 Rb7 32. g5 Rb3+ 33. Ke4 Rb7 34. Ke5 Ke7 35. Rc6 Kd7 36. Rf6 Ke7 37. Ra6 Kd7 38. Kf6 Ke8 39. h4 Rd7 40. d6 Rb7 41. Rc6 Rb5 42. Ra6 Rf5+ 43. Kg7 Rxf4 44. Rxa7 Rxh4 45. a6 Ra4 46. Re7+ Kd8 47. a7 Ra5 48. Rxf7 Ra6 49. a8=Q+ 1-0


[Site "https://www.chess.com"]

[Event "Titled Tuesday Blitz October 11 Early 2022"]
[White "Fajdetic, Hrvoje"]
[Black "Omariev, Maksim"]
[WhiteFideId "14501945"]
[BlackFideId "4193423"]
[WhiteElo "2172"]
[BlackElo "2440"]
[Result "1/2-1/2"]
[Round "04"]
[TimeControl "180+1"]
[Date "2022.10.12"]
[WhiteClock "0:00:06"]
[BlackClock "0:00:04"]

1. b3 d5 2. Bb2 Nf6 3. g3 Bf5 4. Bg2 e6 5. d3 Be7 6. Nd2 h6 7. e4 Bh7 8. Ne2 O-O 9. O-O c5 10. h3 Nc6 11. f4 Rc8 12. g4 b5 13. a4 a6 14. axb5 axb5 15. f5 exf5 16. exf5 d4 17. Ne4 Nd5 18. Bc1 Re8 19. Nf4 Ncb4 20. Nxd5 Nxd5 21. Ra7 Qb6 22. Rxe7 Rxe7 23. f6 Rxe4 24. dxe4 Nxf6 25. g5 hxg5 26. Bxg5 Nxe4 27. Bxe4 Bxe4 28. Qg4 Qe6 29. Qg3 Bxc2 30. Re1 Qxb3 31. Qh4 Bg6 32. Bf6 gxf6 33. Qxf6 Qg3+ 34. Kf1 Qxh3+ 35. Kf2 Qg3+ 36. Kxg3 d3 37. Rh1 Bh7 38. Rh5 Re8 39. Rxh7 Re3+ 40. Kf2 Re2+ 41. Kf1 Kxh7 42. Qxf7+ Kh6 43. Qf4+ Kg7 44. Qd6 c4 45. Qd7+ Kf6 46. Qxb5 Rc2 47. Qc6+ Ke5 48. Ke1 Kd4 49. Qf6+ Kc5 50. Kd1 Kb4 51. Qb6+ Kc3 52. Qa5+ Kb2 53. Qb4+ Ka2 54. Qa4+ Kb1 55. Qb4+ Ka2 56. Qa4+ Kb2 57. Qb4+ Ka2 1/2-1/2


[Site "https://www.chess.com"]

[Event "Titled Tuesday Blitz October 11 Early 2022"]
[White "Fernandez De La Vara, Arnaldo"]
[Black "Sovetbekova, Nurai"]
[WhiteFideId "3518388"]
[BlackFideId "13801910"]
[WhiteElo "2387"]
[BlackElo "1925"]
[Result "1-0"]
[Round "04"]
[TimeControl "180+1"]
[Date "2022.10.12"]
[WhiteClock "0:00:38"]
[BlackClock "0:00:04"]

1. Nf3 Nf6 2. b3 g6 3. Bb2 Bg7 4. g3 O-O 5. Bg2 c5 6. d4 cxd4 7. Nxd4 Nc6 8. c4 Qa5+ 9. Bc3 Qb6 10. O-O Nxd4 11. Bxd4 Qc7 12. Nc3 a6 13. Rc1 d6 14. Qd2 Bf5 15. Rfd1 Rac8 16. Bxf6 Bxf6 17. Nd5 Qc5 18. Nxf6+ exf6 19. Bxb7 Rb8 20. Bxa6 Rfd8 21. Bb5 Bh3 22. b4 Qa7 23. a4 Qb7 24. Qd5 Qb6 25. a5 Qc7 26. Qf3 Bf5 27. e4 Be6 28. Qxf6 h5 29. h4 Kh7 30. a6 Bd7 31. Qxd6 Qxd6 32. Rxd6 Bxb5 33. Rxd8 Rxd8 34. cxb5 Rb8 35. a7 1-0


[Site "https://www.chess.com"]

[Event "Titled Tuesday Blitz October 11 Early 2022"]
[White "Fernandez Garcia, Gumersindo"]
[Black "Mindlin, Alon"]
[WhiteFideId "24516740"]
[BlackFideId "2800071"]
[WhiteElo "2072"]
[BlackElo "2417"]
[Result "0-1"]
[Round "04"]
[TimeControl "180+1"]
[Date "2022.10.12"]
[WhiteClock "0:00:29"]
[BlackClock "0:01:28"]

1. Nf3 Nf6 2. g3 b5 3. Bg2 Bb7 4. O-O c5 5. a4 a6 6. axb5 axb5 7. Rxa8 Bxa8 8. b3 d6 9. Bb2 Nbd7 10. d3 g6 11. Nbd2 Bg7 12. c4 bxc4 13. bxc4 O-O 14. Qa1 Bc6 15. e4 Qb6 16. Bc3 Ra8 17. Qb1 Qxb1 18. Rxb1 Ng4 19. Bxg7 Kxg7 20. Bf1 Ra2 21. Kg2 Nde5 22. h3 Nxf3 23. Nxf3 Rxf2+ 24. Kh1 Ne3 25. Nh2 f5 26. Kg1 Rc2 27. Re1 Nxf1 28. Nxf1 fxe4 29. Ne3 Rc3 30. dxe4 Bxe4 31. h4 Kf7 32. Kf2 Bc6 33. g4 e6 34. Ra1 d5 35. Ra7+ Ke8 36. cxd5 exd5 37. Rc7 d4 38. Rxc6 Kd7 39. Ra6 Rxe3 40. Ra7+ Kd6 41. Rxh7 c4 42. Rg7 c3 43. Rxg6+ Kd5 44. Rg8 c2 45. Rd8+ Ke5 46. Rc8 Rc3 47. Re8+ Kf4 48. Re1 c1=Q 49. Rxc1 Rxc1 0-1


[Site "https://www.chess.com"]

[Event "Titled Tuesday Blitz October 11 Early 2022"]
[White "Fernandez Hernandez, Gerardo"]
[Black "Kaganskiy, Gleb"]
[WhiteFideId "2207400"]
[BlackFideId "4132025"]
[WhiteElo "2140"]
[BlackElo "2165"]
[Result "1-0"]
[Round "04"]
[TimeControl "180+1"]
[Date "2022.10.12"]
[WhiteClock "0:00:03"]
[BlackClock "0:00:01"]

1. e4 e6 2. d3 d5 3. Nd2 Nc6 4. Ngf3 Nf6 5. c3 a5 6. a4 b6 7. e5 Nd7 8. d4 f6 9. Bb5 Bb7 10. exf6 Qxf6 11. O-O Bd6 12. Re1 O-O 13. Qe2 Rae8 14. Bxc6 Bxc6 15. Ne5 Bxe5 16. dxe5 Qf7 17. Nf3 h6 18. Bd2 Nc5 19. Nd4 Bd7 20. b3 Ne4 21. f3 Nxd2 22. Qxd2 c5 23. Nc2 Qf4 24. Qxf4 Rxf4 25. Kf2 Ref8 26. Re3 Bc6 27. g3 R4f5 28. f4 g5 29. Re2 gxf4 30. g4 f3 31. gxf5 fxe2 32. Rg1+ Kh7 33. f6 Rg8 34. Rxg8 Kxg8 35. Kxe2 Be8 36. Ne3 Bg6 37. Kf3 Kf7 38. Kf4 Bb1 39. Ng4 Kg6 40. Nf2 Bc2 41. b4 axb4 42. cxb4 cxb4 43. Ke3 Bxa4 44. Kd4 Bc2 45. Nh3 b3 46. Nf4+ Kf7 47. Kc3 b5 48. Ne2 b4+ 49. Kb2 Kg6 50. Nd4 Bf5 51. Nxb3 1-0


[Site "https://www.chess.com"]

[Event "Titled Tuesday Blitz October 11 Early 2022"]
[White "Fernandez, Michael"]
[Black "Zaloznyy, Mike"]
[WhiteFideId "5803560"]
[BlackFideId "2023075"]
[WhiteElo "2110"]
[BlackElo "2126"]
[Result "1-0"]
[Round "04"]
[TimeControl "180+1"]
[Date "2022.10.12"]
[WhiteClock "0:00:52"]
[BlackClock "0:01:23"]

1. e4 c6 2. Nc3 d5 3. Qf3 dxe4 4. Nxe4 Nf6 5. b3 Nxe4 6. Qxe4 Qd5 7. Qxd5 cxd5 8. Bb2 Nc6 9. Nf3 f6 10. c4 dxc4 11. Bxc4 e5 12. O-O-O Bg4 13. d4 O-O-O 14. dxe5 Rxd1+ 15. Rxd1 Bxf3 16. gxf3 fxe5 17. Be6+ Kc7 18. Rd7+ Kb6 19. f4 Bc5 20. fxe5 Bxf2 21. Rxg7 Rc8 22. Bxc8 1-0


[Site "https://www.chess.com"]

[Event "Titled Tuesday Blitz October 11 Early 2022"]
[White "Gabrielian, Artur"]
[Black "Cruz Lledo, Pablo"]
[WhiteFideId "4131002"]
[BlackFideId "2297361"]
[WhiteElo "2432"]
[BlackElo "2304"]
[Result "1-0"]
[Round "04"]
[TimeControl "180+1"]
[Date "2022.10.12"]
[WhiteClock "0:01:54"]
[BlackClock "0:01:36"]

1. e4 d5 2. exd5 Qxd5 3. Nc3 Qd6 4. d4 a6 5. Nf3 Nf6 6. g3 Nc6 7. d5 Ne5 8. Bf4 Nxf3+ 9. Qxf3 Qb6 10. Rb1 Bg4 11. Qd3 e6 12. Bg2 O-O-O 13. O-O Bd6 14. Be3 Qa5 15. b4 Bxb4 16. Rxb4 Qxb4 17. Rb1 Qa5 18. d6 Rxd6 19. Bxb7+ Kd7 20. Qc4 Nd5 21. Nxd5 exd5 22. Qxg4+ 1-0


[Site "https://www.chess.com"]

[Event "Titled Tuesday Blitz October 11 Early 2022"]
[White "Goryachkina, Aleksandra"]
[Black "Osinenko, Anton"]
[WhiteFideId "4147103"]
[BlackFideId "4158970"]
[WhiteElo "2484"]
[BlackElo "2294"]
[Result "1-0"]
[Round "04"]
[TimeControl "180+1"]
[Date "2022.10.12"]
[WhiteClock "0:00:02"]
[BlackClock "0:00:02"]

1. e4 Nc6 2. Nc3 Nd4 3. Nf3 c5 4. Bc4 e6 5. d3 a6 6. Nxd4 cxd4 7. Ne2 b5 8. Bb3 Qb6 9. O-O Bb7 10. c3 dxc3 11. Be3 Bc5 12. Bxc5 Qxc5 13. Nxc3 Qd4 14. Rc1 Ne7 15. Qd2 f5 16. Ne2 Qb6 17. Ng3 O-O 18. Qg5 Rae8 19. exf5 h6 20. Qg4 Nd5 21. Nh5 Rf7 22. Bxd5 Bxd5 23. f6 g5 24. h4 Kh7 25. hxg5 Rg8 26. Ng7 Rfxg7 27. fxg7 Rxg7 28. Kh1 Rxg5 29. Qh3 Bxg2+ 30. Qxg2 Rxg2 31. Kxg2 Qd4 32. Rc3 Qg4+ 33. Kh2 Qe2 34. Kg2 Qxb2 35. Rfc1 Qxa2 36. Rc5 Kg6 37. Rg1 Kf6 38. Kf3 Qa3 39. Rgc1 Qxd3+ 40. Kg2 d5 41. Rc6 a5 42. Re1 Qf5 43. Rc5 Qg4+ 44. Kf1 1-0


[Site "https://www.chess.com"]

[Event "Titled Tuesday Blitz October 11 Early 2022"]
[White "Grot, Blazej"]
[Black "Storey, Charles H"]
[WhiteFideId "21835845"]
[BlackFideId "406686"]
[WhiteElo "1739"]
[BlackElo "2252"]
[Result "1/2-1/2"]
[Round "04"]
[TimeControl "180+1"]
[Date "2022.10.12"]
[WhiteClock "0:00:11"]
[BlackClock "0:00:17"]

1. e4 c6 2. d4 e6 3. d5 exd5 4. exd5 cxd5 5. Qxd5 Nf6 6. Qd3 Bc5 7. Nf3 O-O 8. Be2 Nc6 9. c3 Re8 10. O-O d5 11. Nbd2 Bg4 12. Nb3 Bb6 13. h3 Bh5 14. Bg5 h6 15. Bf4 Bg6 16. Qd1 Ne4 17. Nbd4 Qf6 18. Be3 Ng3 19. Re1 Nxe2+ 20. Rxe2 Be4 21. Re1 Rad8 22. Rc1 Bxf3 23. Qxf3 Qxf3 24. gxf3 Bxd4 25. Bxd4 f6 26. Kg2 Kf7 27. Re3 Rc8 28. Rce1 Rxe3 29. fxe3 a6 30. Rd1 Ke6 31. Kf2 g5 32. a4 h5 33. h4 Kf5 34. Rh1 g4 35. Rg1 Nxd4 36. exd4 Rc4 37. Ra1 Kf4 38. fxg4 hxg4 39. Kg2 g3 40. Rf1+ Kg4 41. Rxf6 Rxa4 42. h5 Ra2 43. Rg6+ Kxh5 44. Rd6 Kh4 45. Rh6+ Kg5 46. Rb6 Kf4 47. Rxb7 a5 48. Rf7+ Ke4 49. Rb7 Kd3 50. Kxg3 Kc2 51. Kf4 Rxb2 52. Rc7 Kd3 53. Ke5 a4 54. Ra7 Rb5 55. Rxa4 Kxc3 56. Ra7 Kd3 57. Rd7 Ke3 58. Rxd5 Rb8 59. Rd7 Re8+ 60. Kd5 Kd3 61. Kd6 Kxd4 62. Kc7+ Kc5 63. Rd8 Re7+ 64. Rd7 Re8 65. Rd8 Rxd8 66. Kxd8 1/2-1/2


[Site "https://www.chess.com"]

[Event "Titled Tuesday Blitz October 11 Early 2022"]
[White "Gubajdullin, Alexei"]
[Black "Baches Garcia, Guillermo"]
[WhiteFideId "4141202"]
[BlackFideId "2209764"]
[WhiteElo "2200"]
[BlackElo "2459"]
[Result "1-0"]
[Round "04"]
[TimeControl "180+1"]
[Date "2022.10.12"]
[WhiteClock "0:02:07"]
[BlackClock "0:00:32"]

1. d4 Nf6 2. Nf3 e6 3. Bf4 d5 4. e3 Bd6 5. Bg3 c5 6. Nbd2 Nc6 7. c3 b6 8. Bb5 Bb7 9. Ne5 Bxe5 10. dxe5 Nd7 11. e4 O-O 12. exd5 exd5 13. Nf3 a6 14. Bd3 Ndxe5 15. Nxe5 Nxe5 16. Bxe5 Re8 17. f4 f6 18. Qh5 h6 19. O-O fxe5 20. fxe5 Qg5 21. Qf7+ Kh8 22. Rf3 c4 23. Bc2 Qd2 24. Qg6 1-0


[Site "https://www.chess.com"]

[Event "Titled Tuesday Blitz October 11 Early 2022"]
[White "Gubanov, Oleg"]
[Black "Kodinets, Konstantin L."]
[WhiteFideId "14115115"]
[BlackFideId "4122011"]
[WhiteElo "2158"]
[BlackElo "2447"]
[Result "0-1"]
[Round "04"]
[TimeControl "180+1"]
[Date "2022.10.12"]
[WhiteClock "0:00:03"]
[BlackClock "0:00:07"]

1. d4 d6 2. c4 e5 3. d5 Be7 4. Nc3 Nf6 5. e4 O-O 6. Be2 c6 7. h3 a6 8. Nf3 Nbd7 9. O-O cxd5 10. cxd5 b5 11. a3 Nb6 12. Re1 Bd7 13. Bf1 Qc7 14. Nh4 Rfc8 15. Nf5 Bf8 16. f4 Ne8 17. Qh5 g6 18. Nh6+ Kg7 19. Qh4 Qd8 20. Qxd8 Rxd8 21. fxe5 dxe5 22. Bd3 Rac8 23. Rf1 f6 24. Kh2 Nc4 25. Rf3 g5 26. Nf5+ Bxf5 27. Rxf5 Bc5 28. Rf3 Bd4 29. Bxc4 Rxc4 30. Bd2 Nd6 31. Raf1 Bxc3 32. Bxc3 Nxe4 33. Ba5 Rxd5 34. Re1 Nd2 35. Rf2 Nb3 36. Bc3 Nc5 37. Rfe2 Nd3 38. Rf1 Nf4 39. Ref2 Rd3 40. g3 Nd5 41. Bxe5 fxe5 42. Rf7+ Kg6 43. Rd7 Rc2+ 44. Kh1 Rxg3 45. Rxd5 Rxh3+ 46. Kg1 Rg3+ 47. Kh1 Rgg2 48. Rf8 Rh2+ 49. Kg1 Rcg2+ 50. Kf1 Rxb2 51. Rd6+ Kg7 52. Kg1 Kxf8 0-1


[Site "https://www.chess.com"]

[Event "Titled Tuesday Blitz October 11 Early 2022"]
[White "Guerrero Olmos, Sergio"]
[Black "Visakh N R"]
[WhiteFideId "2257238"]
[BlackFideId "25012223"]
[WhiteElo "2272"]
[BlackElo "2466"]
[Result "0-1"]
[Round "04"]
[TimeControl "180+1"]
[Date "2022.10.12"]
[WhiteClock "0:02:03"]
[BlackClock "0:01:13"]

1. d4 d5 2. Nf3 Nf6 3. Bf4 g6 4. e3 Bg7 5. Be2 O-O 6. O-O Nh5 7. Bg5 c5 8. c3 cxd4 9. exd4 Nc6 10. Nbd2 f6 11. Bh4 Nf4 12. Bg3 Nxe2+ 13. Qxe2 Re8 14. Rfe1 e5 15. dxe5 fxe5 16. Nb3 Bg4 17. h3 Bh5 18. Qb5 Bxf3 19. gxf3 Qd7 20. Rad1 d4 21. cxd4 exd4 22. Nc5 Qd5 23. b4 b6 24. Rxe8+ Rxe8 25. Rc1 bxc5 26. Rxc5 Qxf3 27. Qc4+ Kh8 0-1


[Site "https://www.chess.com"]